AoeStats
← Tx8 | Morochimaru

Arena

505361394Analyzed
3v3 RM · 23d ago on Sep 9, 2026· 68m 26s· 6 players
Game mode
Random Map
Map size
Normal (6 player)
Population
200
Speed
Normal
Resources
Standard
Victory
Conquest
Starting age
Dark Age
Ending age
Imperial Age
RankedLock teamsTeams togetherTeam positionsShared explorationLock speedFull tech treeHidden civsTurbo modeCheats
Victory
Defeat
🇺🇸 Celts · United States
1288
+13
🇺🇸 Saracens · United States
1230
+15
🇺🇸 Bohemians · United States
1152
+18
1240
-17
🇲🇽 Hindustanis · Mexico
1202
-15
🇲🇽 Britons · Mexico
1180
-14
Tx8 | EtergenInvictus
11:26 Feudal Age
15:11 Castle Age
13:12 Double-Bit Axe
13:14 Horse Collar
15:20 Light Cavalry
16:01 Husbandry
20:24 Fervor
20:35 Bow Saw
21:52 Wheelbarrow
21:48 Heavy Plow
29:08 Imperial Age
27:04 Loom
27:35 Hand Cart
27:54 Forging
28:17 Bloodlines
28:18 Gold Mining
29:38 Stone Mining
29:18 Capped Ram
31:00 Iron Casting
30:13 Cavalier
31:45 Scale Barding Armor
33:09 Fletching
35:05 Padded Archer Armor
35:28 Chain Barding Armor
37:30 Conscription
37:53 Plate Barding Armor
39:22 Paladin
50:48 Bodkin Arrow
53:27 Bracer
58:02 Ballistics
58:42 Chemistry
62:35 Pikeman
64:01 Halberdier
66:30 Man-at-Arms
67:11 Squires
Tx8 | AlexisCubo
4:46 Loom
10:28 Feudal Age
14:27 Castle Age
13:24 Double-Bit Axe
22:03 Scale Mail Armor
25:06 Chain Mail Armor
25:49 Forging
29:26 Bow Saw
33:11 Imperial Age
30:40 Horse Collar
32:52 Wheelbarrow
32:59 Wheelbarrow
33:15 Heavy Plow
36:05 Chemistry
35:12 Shatagni
36:33 Two-Man Saw
35:38 Fletching
36:53 Bodkin Arrow
40:15 Ballistics
41:46 Bracer
49:02 Gold Mining
53:48 Heavy Camel Rider
54:41 Bloodlines
56:02 Scale Barding Armor
58:06 Chain Barding Armor
62:12 Fortified Wall
66:22 Pikeman
67:45 Iron Casting
67:13 Squires
Tx8 | Morochimaru
7:05 Loom
10:48 Feudal Age
12:07 Double-Bit Axe
15:08 Castle Age
14:09 Horse Collar
14:22 Gold Mining
17:45 Wheelbarrow
24:58 Town Watch
26:46 Yeomen
26:33 Fletching
27:55 Padded Archer Armor
28:16 Bodkin Arrow
30:41 Leather Archer Armor
31:01 Hand Cart
36:23 Imperial Age
38:09 Ring Archer Armor
37:41 Bracer
39:08 Chemistry
38:29 Ballistics
38:49 Conscription
37:53 Elite Longbowman
40:27 Bow Saw
40:19 Heavy Plow
40:55 Gold Shaft Mining
Flying Cap
9:34 Feudal Age
11:18 Horse Collar
11:28 Double-Bit Axe
15:49 Castle Age
14:44 Gold Mining
16:46 Bow Saw
16:49 Heavy Plow
22:52 Stone Mining
23:49 Wheelbarrow
27:34 Forging
27:56 Scale Barding Armor
29:40 Husbandry
30:47 Bimaristan
31:31 Bloodlines
32:18 Gold Shaft Mining
31:34 Loom
34:15 Chain Barding Armor
34:57 Iron Casting
35:15 Hand Cart
39:58 Imperial Age
40:12 Fletching
40:09 Elite Mameluke
42:09 Plate Barding Armor
41:26 Town Watch
43:05 Blast Furnace
43:08 Conscription
46:01 Light Cavalry
47:08 Hussar
65:31 Chemistry
64:37 Siege Engineers
Lord Captise
10:22 Feudal Age
14:54 Castle Age
12:52 Horse Collar
13:17 Double-Bit Axe
13:59 Stone Mining
17:07 Heavy Plow
18:58 Loom
21:54 Wheelbarrow
22:57 Gold Mining
23:36 Scale Mail Armor
24:11 Scale Mail Armor
25:54 Town Watch
27:27 Forging
29:25 Gold Shaft Mining
30:42 Chain Mail Armor
33:02 Imperial Age
31:59 Bow Saw
32:17 Stronghold
33:26 Iron Casting
34:25 Plate Mail Armor
33:38 Onager
36:03 Conscription
38:53 Blast Furnace
37:44 Fletching
38:01 Capped Ram
41:18 Hoardings
41:06 Hand Cart
41:57 Furor Celtica
41:41 Sappers
42:43 Coinage
43:16 Ballistics
42:47 Siege Ram
44:23 Banking
43:54 Caravan
43:57 Town Patrol
43:45 Siege Onager
44:15 Arson
46:41 Chemistry
46:18 Scale Barding Armor
45:48 Heavy Scorpion
48:16 Gambesons
48:53 Chain Barding Armor
48:29 Bodkin Arrow
48:35 Padded Archer Armor
50:24 Siege Engineers
50:50 Husbandry
50:11 Light Cavalry
52:26 Hussar
54:32 Leather Archer Armor
58:05 Fortified Wall
58:06 Masonry
57:52 Murder Holes
59:55 Treadmill Crane
PotatoNate57
11:25 Feudal Age
16:34 Castle Age
19:21 Loom
19:42 Double-Bit Axe
20:11 Horse Collar
23:50 Wheelbarrow
25:12 Heavy Plow
24:35 Pikeman
26:55 Hand Cart
26:58 Forging
26:44 Town Watch
29:15 Chemistry
31:39 Imperial Age
29:23 Squires
31:06 Scale Mail Armor
32:50 Conscription
38:34 Chain Mail Armor
43:17 Bow Saw
43:46 Ballistics
43:33 Siege Engineers
45:50 Iron Casting
46:22 Wagenburg Tactics
47:08 Fortified Wall
47:11 Masonry
47:10 Halberdier
50:39 Blast Furnace
50:11 Plate Mail Armor
49:33 Fletching
51:32 Two-Man Saw
52:09 Houfnice
53:38 Elite Skirmisher
64:06 Bodkin Arrow
64:12 Padded Archer Armor
67:40 Arson
Connection lost

Rejoining the realm…

Still unreachable

The connection could not be restored.

Session expired

The server has moved on; the page needs a fresh start.